 Dungeon Crawl Stone Soup version 0.21-a0-78-g82a99e0 (webtiles) character file.

277 HAL9000 the Cutter (level 6, -2/30 HPs)
             Began as a Vine Stalker Assassin on June 21, 2017.
             Killed from afar by an orc wizard (6 damage)
             ... with a puff of frost
             ... on level 3 of the Dungeon.
             The game lasted 00:04:14 (2189 turns).

HAL9000 the Cutter (Vine Stalker Assassin)          Turns: 2189, Time: 00:04:15

Health: -2/30      AC:  6    Str: 15    XL:     6   Next: 26%
Magic:  0/7        EV: 13    Int: 11    God:
Gold:   70         SH:  0    Dex: 16    Spells: 5/5 levels left

rFire    . . .     SeeInvis .   a - +2 dagger
rCold    . . .     Gourm    .   (no shield)
rNeg     + . .     Faith    .   s - +2 robe {rN+}
rPois    .         Spirit   +   (no helmet)
rElec    .         Reflect  .   d - +0 cloak
rCorr    .         Harm     .   p - +0 pair of gloves
MR       .....                  (no boots)
Stlth    +++.......             (no amulet)
HPRegen  0.50/turn              t - +2 ring of evasion
MPRegen  0.10/turn              (no ring)

@: no status effects
A: fangs 2, regeneration 1, magic shield, antimagic bite, no potion heal 3, rot
immunity
a: no special abilities


You were on level 3 of the Dungeon.
You were not hungry.

You visited 1 branch of the dungeon, and saw 3 of its levels.

You collected 70 gold pieces.

Inventory:

Hand Weapons
 a - a +2 dagger (weapon)
 b - a +0 blowgun
Missiles
 e - 8 poisoned needles
 f - a curare-tipped needle
 n - a throwing net (quivered)
Armour
 c - a +0 robe
 d - a +0 cloak (worn)
 p - a +0 pair of gloves (worn)
 s - a +2 robe of positive energy (worn)
Jewellery
 t - a +2 ring of evasion (left hand)
Scrolls
 i - 2 scrolls of amnesia {unknown}
 k - 3 scrolls of teleportation {unknown}
 o - a scroll of identify {unknown}
 q - a scroll of fear {unknown}
 w - a scroll of enchant armour {unknown}
Potions
 h - 3 potions of heal wounds {unknown}
 j - 2 potions of degeneration {unknown}
 l - a potion of agility {unknown}
 m - a potion of resistance {unknown}
 r - 2 potions of ambrosia {unknown}
 v - 2 potions of brilliance {unknown}
Comestibles
 g - 3 bread rations
 u - 4 chunks of flesh


   Skills:
 - Level 1.7 Fighting
 + Level 5.8 Short Blades
 - Level 1.7 Throwing
 - Level 0.7 Dodging
 - Level 4.8 Stealth


You had 5 spell levels left.
You didn't know any spells.

Dungeon Overview and Level Annotations

Branches:
Dungeon (3/15)

Altars:
Qazlal
Zin


Innate Abilities, Weirdness & Mutations

You have extremely sharp teeth.
Your natural rate of healing is unusually fast.
When hurt, damage is shared between your health and your magic reserves.
Your bite disrupts and absorbs the magic of your enemies.
Potions cannot restore your health.
You are immune to rotting.


Message History

The sling bullet hits you.
* * * LOW HITPOINT WARNING * * *
You hear a splash.
Found 18 arrows.
A goblin comes into view. It is wielding a club.
You see here a sling bullet.
The orc wizard points at you and mumbles some strange words.
The puff of flame hits you!
* * * LOW HITPOINT WARNING * * *
The leopard gecko is engulfed in a cloud of scalding steam.
The orc throws a stone.
The stone hits you but does no damage.
You see here a stone.
The orc wizard is engulfed in a cloud of scalding steam.
The orc throws a stone.
The stone hits you but does no damage.
You see here a stone.
The orc throws a stone.
The stone hits you but does no damage.
You see here a stone.
The orc wizard points at you and mumbles some strange words.
The puff of frost hits you!
You die...

.. ##########################''#
≈≈≈≈≈≈≈≈≈≈≈≈≈≈≈≈≈≈≈≈≈≈≈≈≈....
≈≈≈≈≈≈≈≈≈≈≈≈≈≈≈≈≈≈≈≈≈≈≈o≈go.g
≈≈≈≈≈≈≈≈≈≈≈≈≈≈≈≈≈≈≈≈≈≈≈≈..g..
≈≈≈≈≈≈..≈.≈≈≈≈≈≈≈..≈≈(≈g≈...(
..................((o............
.................(.............[.
.........^......@.l..............
.......##..###...########.#.##...
.........#..####..# .# ....g
.......#.##.# ##.# # #..
.......#..#.# ... #
####.####...######.. ## #
###.....##.# #. #.###....##
.....o. ##......... ....o.o


You could see an orc wizard, an orc, a leopard gecko and a hobgoblin.

Vanquished Creatures
  Sigmund (D:3)
  An orc wizard (D:3)
  Jessica (D:2)
  A worm (D:2)
  3 dart slugs
  2 leopard geckos
  6 orcs
  10 bats
  4 giant cockroaches
  4 hobgoblins
  2 jackals (D:2)
  2 kobolds
  2 frilled lizards (D:2)
  4 goblins
  8 rats
51 creatures vanquished.

Notes
Turn   | Place    | Note
-------+----------+-------------------------------------------
     0 | D:1      | HAL9000 the Vine Stalker Assassin began the quest for the Orb.
     0 | D:1      | Reached XP level 1. HP: 11/11 MP: 2/2
   114 | D:1      | Reached skill level 2 in Short Blades
   159 | D:1      | Reached XP level 2. HP: 13/15 MP: 3/3
   899 | D:2      | Reached skill level 3 in Short Blades
   901 | D:2      | Reached XP level 3. HP: 18/18 MP: 4/4
  1119 | D:2      | Noticed Jessica
  1121 | D:2      | Killed Jessica
  1121 | D:2      | Gained mutation: Your natural rate of healing is unusually fast. [Vine Stalker growth]
  1121 | D:2      | Reached XP level 4. HP: 22/23 MP: 5/5
  1456 | D:2      | Reached skill level 4 in Short Blades
  1718 | D:2      | Found a glowing silver altar of Zin.
  1816 | D:3      | Found a faded altar of an unknown god.
  1881 | D:3      | Noticed Sigmund
  1887 | D:3      | Killed Sigmund
  1887 | D:3      | Reached skill level 5 in Short Blades
  1887 | D:3      | Reached XP level 5. HP: 26/26 MP: 6/6
  1887 | D:3      | Reached XP level 6. HP: 30/30 MP: 7/7
  2150 | D:3      | Found a stormy altar of Qazlal.
  2189 | D:3      | Killed from afar by an orc wizard

Vault maps used:
D:1:      minmay_arrival_glassed_features, minmay_misc_feat_nine_boxes
D:2:      overflow_temple_1_default, first_bread, uniq_jessica
D:3:      minmay_goblin_kobold_castle, nicolae_qazlal_eye_of_the_storm,
          chequers_ecumenical_altar_simple, uniq_sigmund

Skill      XL: |  1  2  3  4 |
---------------+-------------+-----
Short Blades   | 2 3 5 |  5.8
Fighting       | |  1.7
Throwing       | |  1.7
Dodging        | |  0.7
Stealth        | |  4.8

Action                   |  1- 3 |  4- 6 || total
-------------------------+-------+-------++-------
Melee: Dagger            |    48 |    67 ||   115
       Bite              |     8 |    18 ||    26
 Fire: Blowgun           |     1 |     3 ||     4
 Stab: Sleeping          |    12 |     5 ||    17
  Eat: Chunk             |       |     4 ||     4
Armor: Robe              |     7 |    20 ||    27
Dodge: Dodged            |    15 |    20 ||    35
